 Dungeon Crawl Stone Soup version 0.28.0-45-g0d030f2227 (webtiles) character file.

Game seed: 13819686242396861038

74 DearestLeader the Shield-Bearer (level 4, -2/41 HPs)
             Began as a Gnoll Fighter on Apr 4, 2022.
             Succumbed to a scorpion's poison
             ... on level 3 of the Dungeon.
             The game lasted 00:02:04 (1576 turns).

DearestLeader the Shield-Bearer (Gnoll Fighter)     Turns: 1576, Time: 00:02:04

Health: -2/41      AC:  7    Str: 17    XL:     4   Next: 30%
Magic:  5/5        EV:  9    Int:  7    God:
Gold:   25         SH:  5    Dex: 12    Spells: 5/5 levels left

rFire   . . .      SeeInvis .   a - +0 war axe
rCold   . . .      Faith    .   c - +0 buckler
rNeg    . . .      Spirit   .   b - +0 scale mail
rPois   .          Reflect  .   (no helmet)
rElec   .          Harm     .   (no cloak)
rCorr   .          Rampage  .   (no gloves)
Will    .....                   (no boots)
Stlth   ..........              (no amulet)
HPRegen 0.13/turn               (no ring)
MPRegen 0.09/turn               (no ring)

@: mighty, lethally poisoned (-2 -> -19)
A: fangs 1, strong nose, distributed training
a: no special abilities


You were on level 3 of the Dungeon.
You visited 1 branch of the dungeon, and saw 3 of its levels.

You collected 25 gold pieces.

Inventory:

Hand Weapons
 a - a +0 war axe (weapon)
Armour
 b - a +0 scale mail (worn)
 c - a +0 buckler (worn)
 g - an orb of mayhem
Scrolls
 i - a scroll of teleportation {unknown}
 l - 3 scrolls of torment {unknown}
 m - a scroll of immolation {unknown}
 n - a scroll of amnesia {unknown}
 q - a scroll of identify {unknown}
Potions
 e - a potion of flight {unknown}
 f - a potion of degeneration {unknown}
 h - 3 potions of curing {unknown}
 j - a potion of lignification {unknown}
 k - a potion of magic {unknown}
 o - a potion of heal wounds {unknown}
 p - 2 potions of invisibility {unknown}


   Skills:
 + Level 6.6 Fighting
 + Level 1.1 Short Blades
 + Level 1.1 Long Blades
 + Level 4.6 Axes
 + Level 1.1 Maces & Flails
 + Level 1.1 Polearms
 + Level 1.1 Staves
 + Level 1.1 Slings
 + Level 1.1 Bows
 + Level 1.1 Crossbows
 + Level 1.1 Throwing
 + Level 6.6 Armour
 + Level 1.1 Dodging
 + Level 1.1 Stealth
 + Level 6.6 Shields
 + Level 1.1 Unarmed Combat
 + Level 1.1 Spellcasting
 + Level 0.8 Conjurations
 + Level 0.8 Hexes
 + Level 0.8 Summonings
 + Level 0.8 Necromancy
 + Level 0.8 Translocations
 + Level 0.8 Transmutations
 + Level 0.8 Fire Magic
 + Level 0.8 Ice Magic
 + Level 0.8 Air Magic
 + Level 0.8 Earth Magic
 + Level 0.8 Poison Magic
 + Level 1.2 Invocations
 + Level 1.1 Evocations


You had 5 spell levels left.
You didn't know any spells.
Your spell library contained the following spells:

 Spells                   Type           Power      Damage    Failure   Level
 Corpse Rot               Necr/Air       2%         N/A       86%         2
 Poisonous Vapours        Pois/Air       2%         N/A       86%         2


Dungeon Overview and Level Annotations

Branches:
Dungeon (3/15)

Altars:

Annotations:
D:3 1 transporter, Peloso's ghost, amateur MiFi


Innate Abilities, Weirdness & Mutations

You have very sharp teeth.
Your uncanny sense of smell can sniff out nearby items.
Your experience applies equally to all skills.


Message History

Things that are here:
a +0 club; 3 stones; a kobold corpse
Found a stone staircase leading up.
q - a scroll labelled WOSKARPHE ZAINT
Found a runed war axe.
The iron imp shouts!
You now have 25 gold pieces (gained 3).
Found 23 stones.
A scorpion comes into view.
You hit the scorpion but do no damage.
You bite the scorpion, but do no damage.
The scorpion closely misses you. The scorpion stings you!
You are poisoned.
The scorpion poisons you!
You barely miss the scorpion.
You feel very sick. You block the scorpion's attack.
You barely miss the scorpion.
You feel sick. The scorpion barely misses you. The scorpion stings you.
You feel very mighty all of a sudden.
You feel sick.
The scorpion stings you but does no damage.
You closely miss the scorpion.
You feel sick. The scorpion closely misses you.
The scorpion stings you but does no damage.
You hit the scorpion but do no damage.
You feel sick. You block the scorpion's attack.
You closely miss the scorpion.
You feel sick. The scorpion stings you.
You are more poisoned.
The scorpion poisons you! The scorpion stings you.
You are lethally poisoned!
The scorpion poisons you!
You hit the scorpion.
The scorpion is lightly wounded.
* * * LOW HITPOINT WARNING * * *
You feel extremely sick. The scorpion stings you!
* * * LOW HITPOINT WARNING * * *
You hit the scorpion.
The scorpion is moderately wounded.
You die...

#...................(..
.#
#..).##................
∆ ..#
...†..<...##..#.####..#
...# .........###....#
#..##.....
##...#######..###
#......#
..............# #.s#
##............# #..#
#(#.########.######..#
....# #...@s....#
##.### #.######.## #.#
### ###


You could see a scorpion.

Vanquished Creatures
  3 gnolls (D:2)
  2 dart slugs
  4 bats
  7 endoplasms
  2 giant cockroaches
  2 goblins (D:1)
  3 hobgoblins
  3 quokkas
  4 ball pythons
  3 frilled lizards
  3 kobolds
  3 rats
39 creatures vanquished.

Notes
Turn   | Place    | Note
-------+----------+-------------------------------------------
     0 | D:1      | DearestLeader the Gnoll Fighter began the quest for the
                  | Orb.
     0 | D:1      | Reached XP level 1. HP: 23/23 MP: 1/1
    61 | D:1      | Reached XP level 2. HP: 29/29 MP: 2/2
   381 | D:1      | Reached XP level 3. HP: 35/35 MP: 3/3
   735 | D:2      | Reached skill level 1 in Invocations
  1033 | D:2      | Reached skill level 1 in Short Blades
  1033 | D:2      | Reached skill level 1 in Long Blades
  1033 | D:2      | Reached skill level 1 in Maces & Flails
  1033 | D:2      | Reached skill level 1 in Polearms
  1033 | D:2      | Reached skill level 1 in Staves
  1033 | D:2      | Reached skill level 1 in Slings
  1033 | D:2      | Reached skill level 1 in Bows
  1033 | D:2      | Reached skill level 1 in Crossbows
  1033 | D:2      | Reached skill level 1 in Throwing
  1033 | D:2      | Reached skill level 1 in Dodging
  1033 | D:2      | Reached skill level 1 in Stealth
  1033 | D:2      | Reached skill level 1 in Unarmed Combat
  1033 | D:2      | Reached skill level 1 in Spellcasting
  1033 | D:2      | Reached skill level 1 in Evocations
  1034 | D:2      | Reached XP level 4. HP: 21/41 MP: 5/5
  1493 | D:2      | Found a faded altar of an unknown god.
  1518 | D:3      | Found a transporter.
  1537 | D:3      | Noticed Peloso's ghost (amateur MiFi)
  1537 | D:3      | Noticed a small abomination
  1559 | D:3      | Noticed a scorpion
  1575 | D:3      | HP: 2/41 [scorpion (8)]
  1576 | D:3      | Succumbed to a scorpion's poison

Illustrated notes

Levels and vault maps discovered:
D:1:      dpeg_arrival_simpleton_c, layout_basic
D:2:      layout_rooms, dilly_ecumenical_altar_fadedgnrine, dk_noncrumbling_4
D:3:      layout_basic, gammafunk_temple_overflow_arena,
          gammafunk_ghost_abyssal_escape, uniq_sigmund, uniq_terence

Skill      XL: |  1  2  3 |
---------------+----------+-----
Invocations    | 1 |  1.2
Short Blades   | 1 |  1.1
Long Blades    | 1 |  1.1
Maces & Flails | 1 |  1.1
Polearms       | 1 |  1.1
Staves         | 1 |  1.1
Slings         | 1 |  1.1
Bows           | 1 |  1.1
Crossbows      | 1 |  1.1
Throwing       | 1 |  1.1
Dodging        | 1 |  1.1
Stealth        | 1 |  1.1
Unarmed Combat | 1 |  1.1
Spellcasting   | 1 |  1.1
Evocations     | 1 |  1.1
Fighting       | |  6.6
Axes           | |  4.6
Armour         | |  6.6
Shields        | |  6.6
Conjurations   | |  0.8
Hexes          | |  0.8
Summonings     | |  0.8
Necromancy     | |  0.8
Translocations | |  0.8
Transmutations | |  0.8
Fire Magic     | |  0.8
Ice Magic      | |  0.8
Air Magic      | |  0.8
Earth Magic    | |  0.8
Poison Magic   | |  0.8

Action                   |  1- 3 |  4- 6 || total
-------------------------+-------+-------++-------
Melee: War axe           |    65 |    22 ||    87
       Bite              |     3 |     1 ||     4
  Use: Potion            |       |     1 ||     1
Armor: Scale mail        |    34 |     7 ||    41
Dodge: Dodged            |    36 |     9 ||    45
Block: Buckler           |    17 |     5 ||    22
